 Dungeon Crawl Stone Soup version 0.27-a0-1081-ge8a0a9c698 (webtiles) character file.

Game seed: 13928886349108494432

184 wakim the Magician (level 5, 0/60 HPs)
             Began as a Djinni Ice Elementalist on Apr 25, 2021.
             Was a Believer of Nemelex Xobeh.
             Slain by a gnoll
             ... wielding a +0 spear
              (1 damage)
             ... on level 4 of the Dungeon.
             The game lasted 00:07:46 (2915 turns).

wakim the Magician (Djinni Ice Elementalist)        Turns: 2915, Time: 00:07:46

Health: 0/60       AC: 22    Str:  4 (7)  XL:     5   Next: 64%
Gold:   126        EV:  2    Int: 15 (18) God:    Nemelex Xobeh [**....] SH:  0 Dex: 10 (13)

rFire    . . .     SeeInvis .   a - +0 quarterstaff
rCold    + . .     Faith    .   (shield currently unavailable)
rNeg     + + +     Spirit   .   (armour currently unavailable)
rPois    ∞         Reflect  .   (helmet currently unavailable)
rElec    .         Harm     .   (cloak currently unavailable)
rCorr    .         Rampage  .   (gloves currently unavailable)
Will     .....     NoTele   +   (boots unavailable)
Stlth    ++........             (no amulet)
HPRegen  0.20/turn              j - ring of protection from cold
MPRegen  0.00/turn              (no ring)

@: tree-form, on berserk cooldown, slowed, very slow
A: stationary, stasis, torment immunity, boosted hp, (fire resistance 2), (cold
vulnerability 1), float, innate caster, hp casting, extra vitality 1
a: Renounce Religion, Draw Escape, Draw Destruction, Draw Summoning


You were on level 4 of the Dungeon.
You worshipped Nemelex Xobeh.
Nemelex Xobeh was pleased with you.
You were a tree.
You visited 1 branch of the dungeon, and saw 4 of its levels.

You collected 126 gold pieces.

Inventory:

Hand Weapons
 a - a +0 quarterstaff (weapon)
 b - a +0 dagger
Armour
 c - a +3 leather armour of cold resistance (melded)
Jewellery
 j - a ring of protection from cold (left branch)
Potions
 d - a potion of cancellation {unknown}
 C - a potion of berserk rage {!q}
 L - a potion of lignification {!q}
 N - 2 potions of might


   Skills:
 * Level 3.1 Fighting
 + Level 3.3 Dodging
 - Level 1.5 Stealth
 * Level 4.6 Spellcasting


You couldn't memorise any spells.
You knew the following spells:

 Your Spells              Type           Power      Damage    Failure   Level
a - Freeze                Ice            68%        1d8       2%          1
b - Frozen Ramparts       Ice            34%        1d5       8%          3
c - Ozocubu's Armour      Ice            17%        N/A       8%          3
d - Hailstorm             Conj/Ice       17%        3d6       26%         4
e - Metabolic Englaciati  Hex/Ice        8%         N/A       56%         5
f - Static Discharge      Conj/Air       17%        N/A       3%          2
u - Animate Skeleton      Necr           34%        N/A       2%          1
Your spell library was empty.

Dungeon Overview and Level Annotations

Branches:
Dungeon (4/15)
 Temple: D:4-7

Altars:
Gozag
Nemelex Xobeh


Innate Abilities, Weirdness & Mutations

You are a tree.
Your roots penetrate the ground, keeping you stationary.
You cannot be teleported.
You are immune to unholy pain and torment.
Your maximum health is greatly increased.
Your equipment is partially melded.
You are immune to poison.
((Your flesh is very heat resistant. (rF++)))
((You are vulnerable to cold. (rC-)))
You float through the air rather than walking.
You learn spells naturally, not from books.
Your magical power is your life essence.
You have superior vitality. (+4 HP)


Message History

The gnoll hits you but does no damage.
Your Fighting skill increases to level 3!
You barely miss the gnoll.
The gnoll is moderately wounded.
The gnoll hits you but does no damage.
You closely miss the gnoll.
The gnoll is moderately wounded.
The gnoll hits you but does no damage.
The gnoll hits you from afar with a +0 spear.
* * * LOW HITPOINT WARNING * * *
You barely miss the gnoll.
The gnoll is moderately wounded.
The gnoll hits you but does no damage. x2
You hit the gnoll.
The gnoll is severely wounded.
The gnoll hits you but does no damage.
The gnoll hits you from afar with a +0 spear.
* * * LOW HITPOINT WARNING * * *
You closely miss the gnoll.
The gnoll is severely wounded.
The gnoll hits you but does no damage. x2
Unknown command.
You are too berserk!
You sock the gnoll!
You kill the gnoll!
The gnoll hits you but does no damage.
Unknown command.
You feel a strong urge to attack something.
The gnoll hits you from afar with a +0 spear.
* * * LOW HITPOINT WARNING * * *
You are no longer berserk.
You are exhausted.
You feel yourself slow down. The gnoll hits you but does no damage.
It was a potion of degeneration.
There was something very wrong with that liquid.
You feel weakened.
You feel dopey.
You feel clumsy.
The gnoll hits you from afar with a +0 spear.
You die...
Your body disappears without a glow.

#...##.......##
#...#<......##. #
#........<..#.. ..
#......####.... ...
#....### .... ..=.
##...## .....
.....####...## #...##
..........÷### #....#
......)♣)....####.....#
##...###......##.....#
#.. ##g.#.........#
#)..#........###
#...###.........
#o..............#
.............>.##
go......###......#
.o..##...## ##..#..##


You could see a gnoll.

Vanquished Creatures
  An orc priest (D:4)
  A hound (D:4)
  Jessica (D:3)
  3 gnolls (D:4)
  2 adders
  An ufetubus (D:4)
  A dart slug (D:3)
  2 orcs (D:4)
  A bat (D:2)
  3 endoplasms
  4 giant cockroaches
  4 goblins
  7 hobgoblins
  3 kobolds
  2 quokkas
  4 ball pythons
  2 frilled lizards
42 creatures vanquished.

Vanquished Creatures (others)
  A fungus (D:2)
1 creature vanquished.

Grand Total: 43 creatures vanquished

Notes
Turn   | Place    | Note
-------+----------+-------------------------------------------
     0 | D:1      | wakim the Djinni Ice Elementalist began the quest for the
                  | Orb.
     0 | D:1      | Reached XP level 1. HP: 15/15 MP: 0/0
   449 | D:1      | Reached XP level 2. HP: 15/22 MP: 0/0
   759 | D:2      | Reached skill level 1 in Fighting
   844 | D:2      | Found a faded altar of an unknown god.
   852 | D:2      | Became a worshipper of Nemelex Xobeh the Trickster
   852 | D:2      | Reached * piety under Nemelex Xobeh
   965 | D:2      | Received a gift from Nemelex Xobeh
  1351 | D:2      | Reached XP level 3. HP: 23/27 MP: 0/0
  1351 | D:2      | Learned a level 1 spell: Animate Skeleton
  1707 | D:3      | Found an opulent altar of Gozag.
  1881 | D:3      | Reached skill level 4 in Spellcasting
  1971 | D:3      | Reached ** piety under Nemelex Xobeh
  2089 | D:3      | Noticed Jessica
  2104 | D:3      | Killed Jessica
  2105 | D:3      | Reached XP level 4. HP: 27/33 MP: 0/0
  2891 | D:4      | Reached XP level 5. HP: 34/39 MP: 0/0
  2891 | D:4      | Learned a level 2 spell: Static Discharge
  2903 | D:4      | HP: 3/60 [gnoll/+0 spear (4)]
  2909 | D:4      | HP: 2/90 [gnoll/+0 spear (1)]
  2915 | D:4      | Slain by a gnoll

Illustrated notes

Levels and vault maps discovered:
D:1:      minmay_arrival_hallway, layout_rooms
D:2:      layout_loops_ring, shapermc_ecumenical_altar_hornbeckon
D:3:      layout_rooms, overflow_temple_1_default, minmay_misc_feat_square,
          uniq_jessica
D:4:      minmay_recursive_quarters, layout_layer_cave, minmay_close_crescents

Skill      XL: |  1  2  3  4  5 |
---------------+----------------+-----
Fighting       | 1 2 3 |  3.1
Spellcasting   | 4 |  4.6
Dodging        | 3 |  3.3
Stealth        | |  1.5

Action                   |  1- 3 |  4- 6 || total
-------------------------+-------+-------++-------
Melee: Dagger            |     6 |       ||     6
       Quarterstaff      |     9 |    23 ||    32
 Cast: Freeze            |    35 |     5 ||    40
       Ozocubu's Armour  |     1 |     5 ||     6
       Frozen Ramparts   |     1 |     5 ||     6
  Use: Scroll            |     4 |       ||     4
       Potion            |       |     3 ||     3
 Stab: Sleeping          |     4 |       ||     4
Armor: Leather armour    |    10 |    15 ||    25
       Skin              |       |    22 ||    22
Dodge: Dodged            |    17 |    23 ||    40

Table legend: (Time is in decaauts)
 A = Elapsed time spent in this place.
 B = Non-inter-level travel time spent in this place.
 C = Inter-level travel time spent in this place.
 D = Time resting spent in this place.
 E = Time spent auto-exploring this place.
 F = Levels seen in this place.
 G = Mean time per level.
                   A        B        C        D        E       F      G
               +--------+--------+--------+--------+--------+-----+--------+
         Total |   2918 |   2857 |     61 |      0 |   2467 |   4 |  729.5 |
       Dungeon |   2918 |   2857 |     61 |      0 |   2467 |   4 |  729.5 |
               +--------+--------+--------+--------+--------+-----+--------+

Top non-repeatable levels by time:
     D:3: 1017 daAuts
     D:2: 938 daAuts
     D:1: 751 daAuts
     D:4: 211 daAuts
